 Dungeon Crawl Stone Soup version 0.22-a0-412-g2b68d14 (webtiles) character file.

3343 Gorice the Arsonist (level 9, -5/45 HPs)
             Began as a Deep Elf Fire Elementalist on May 12, 2018.
             Was a Believer of Vehumet.
             Killed from afar by an orc wizard (7 damage)
             ... with a magic dart
             ... on level 7 of the Dungeon.
             The game lasted 00:40:15 (7500 turns).

Gorice the Arsonist (Deep Elf Fire Elementalist)    Turns: 7500, Time: 00:40:16

Health: -5/45      AC:  7    Str:  5    XL:     9   Next: 72%
Magic:  3/23       EV: 17    Int: 24    God:    Vehumet [**....]
Gold:   365        SH:  0    Dex: 15    Spells: 10/25 levels left

rFire    + . .     SeeInvis .   a - +1 whip (elec)
rCold    x . .     Gourm    .   (no shield)
rNeg     . . .     Faith    .   e - +0 robe
rPois    .         Spirit   .   t - +1 helmet
rElec    .         Reflect  .   u - +1 cloak
rCorr    .         Harm     .   (no gloves)
MR       .....                  o - +0 pair of boots
Stlth    ++........             h - amulet of rage
HPRegen  0.15/turn              f - ring of fire
MPRegen  0.18/turn              q - +4 ring of evasion

@: no status effects
A: no striking features
a: Renounce Religion, Evoke Berserk Rage


You were on level 7 of the Dungeon.
You worshipped Vehumet.
Vehumet was pleased with you.
You were not hungry.

You visited 2 branches of the dungeon, and saw 8 of its levels.

You collected 365 gold pieces.

Inventory:

Hand Weapons
 a - a +1 whip of electrocution (weapon)
   (You took it off Pikel on level 6 of the Dungeon)
 y - a +1 flail of holy wrath
   (You took it off a gnoll on level 2 of the Dungeon)
Missiles
 l - 13 tomahawks (quivered)
 Y - 269 stones
Armour
 e - a +0 robe (worn)
 o - a +0 pair of boots (worn)
 t - a +1 helmet (worn)
 u - a +1 cloak (worn)
Jewellery
 f - a ring of fire (left hand)
 h - an amulet of rage (around neck)
 i - an uncursed ring of ice
 q - a +4 ring of evasion (right hand)
 I - a +4 ring of intelligence
Wands
 w - a wand of random effects (24)
Scrolls
 b - 2 scrolls of identify
 j - 3 scrolls of remove curse
 m - a scroll of teleportation {!r}
 s - 2 scrolls of blinking
 v - a scroll of fog
 x - a scroll of enchant armour
Potions
 d - 2 potions of haste {!q}
 g - 6 potions of curing
 n - 3 potions of heal wounds {!q}
 p - 4 potions of brilliance {!q}
 r - a potion of mutation {!q}
 z - a potion of flight {unknown}
Comestibles
 c - 9 rations
 k - 2 chunks of flesh


   Skills:
 - Level 2.4 Dodging
 - Level 2.4 Stealth
 + Level 8.8 Spellcasting
 * Level 9.8 Conjurations
 * Level 9.8 Fire Magic


You had 10 spell levels left.
You knew the following spells:

 Your Spells              Type           Power        Failure   Level  Hunger
a - Flame Tongue          Conj/Fire      #####        1%          1    None
b - Throw Flame           Conj/Fire      ######       1%          2    None
c - Conjure Flame         Conj/Fire      ######..     1%          3    None
d - Sticky Flame          Conj/Fire      ######..     1%          4    ##.....
e - Fireball              Conj/Fire      ######....   3%          5    ####...

Your spell library contained the following spells:

 Spells                   Type           Power        Failure   Level  Hunger
 Inner Flame              Hex/Fire       ######..     2%          3    None


Dungeon Overview and Level Annotations

Branches:
Dungeon (7/15)             Temple (1/1) D:4

Altars:
Ashenzari
Dithmenos
Elyvilon
Fedhas
Gozag
Kikubaaqudgha
Nemelex Xobeh
Okawaru
Qazlal
Ru
Sif Muna
Uskayaw
Vehumet
Wu Jian
Xom
Yredelemnul
Zin
The Shining One

Shops:
D:6 (

Annotations:
D:3 exclusion: oklob plant


Message History

Press: ? - help, Shift-Dir - straight line, f - orc priest
Aim: an orc priest, wielding a flail and wearing a leather armour (almost dead)
You feel a surge of power!
The flame tongue misses the orc priest.
The flame tongue hits the orc.
You kill the orc!
Vehumet accepts your kill.
The orc wizard mumbles some strange words.
The orc wizard flickers and vanishes!
Deactivating autopickup; reactivate with Ctrl-A.
Casting: Flame Tongue (safe; 1% risk of failure)
Confirm with . or Enter, or press ? or * to list all spells.
Aiming: Sticky Flame (safe; 1% risk of failure)
Press: ? - help, Shift-Dir - straight line, f/p - orc priest
Aim: an orc priest, wielding a flail and wearing a leather armour (almost dead)
You feel a surge of power!
The sticky flame hits the orc priest.
You kill the orc priest!
Vehumet accepts your kill.
You feel your power returning.
Unknown command.
Casting: Sticky Flame (safe; 1% risk of failure)
Confirm with . or Enter, or press ? or * to list all spells.
Aiming: Flame Tongue (safe; 1% risk of failure)
Press: ? - help, Shift-Dir - straight line, f - orc wizard
Aim: an orc wizard, wielding a dagger of freezing and wearing a robe You feel a surge of power!
The flame tongue hits something.
The orc wizard miscasts a cantrip.
The orc wizard barely misses you. Something hits you.
* * * LOW HITPOINT WARNING * * *
Items here: )) [[ ††
Casting: Flame Tongue (safe; 1% risk of failure)
Confirm with . or Enter, or press ? or * to list all spells.
Aiming: Sticky Flame (safe; 1% risk of failure)
Press: ? - help, Shift-Dir - straight line, f/p - orc wizard
Aim: an orc wizard, wielding a dagger of freezing and wearing a robe You feel a surge of power!
The sticky flame hits the orc wizard.
The orc wizard is moderately wounded.
The orc wizard is covered in liquid flames!
The orc wizard burns!
The orc wizard hits you with a dagger of freezing.
* * * LOW HITPOINT WARNING * * *
The orc wizard freezes you.
* * * LOW HITPOINT WARNING * * *
Something hits you.
* * * LOW HITPOINT WARNING * * *
Damage: 7 (max 22) Unknown command.
The orc wizard burns!
The orc wizard casts a spell at you. The magic dart hits you!
You die...

### #.. #.# #.# $.
#.######....
#.##))§..... .
##.)o.# #
#######.@######.
..# (
#........###....
... #............#
... #......#....##
#.. ########.....#
. #..
##.....##........#.
#.....♣♣#.....#....
#......♣#..........
#....._♣#.....###..


You could see an orc wizard (burning).

Vanquished Creatures
  The ghost of Nr616 the Basher, a novice GrFi of Ashenzari (D:6)
  Pikel (D:6)
  The ghost of Borgoz the Skirmisher, an amateur HOAK of Lugonu (D:5)
  2 hungry ghosts
  A water moccasin (D:5)
  Duvessa (D:6)
  An orc warrior (D:5)
  4 ogres
  A phantom (D:4)
  A necrophage (D:6)
  Dowan (D:6)
  2 scorpions
  A howler monkey (D:5)
  4 crimson imps
  2 hounds
  A bullfrog zombie (D:4)
  2 orc priests
  Crazy Yiuf (D:7)
  3 bullfrog skeletons
  A jelly (D:5)
  4 orc wizards
  An iguana (D:5)
  Natasha (D:2)
  9 worker ants
  A howler monkey zombie (D:4)
  5 gnolls
  4 adders
  A howler monkey skeleton (D:5)
  2 oozes
  3 adder zombies (D:4)
  2 worms (D:3)
  3 dart slugs
  9 leopard geckos
  16 orcs
  2 ball pythons
  5 bats
  3 giant cockroaches
  7 goblins
  8 hobgoblins
  3 quokkas
  A ball python skeleton (D:4)
  6 frilled lizards
  8 kobolds
  A leopard gecko skeleton (D:5)
  A quokka zombie (D:4)
  8 rats
146 creatures vanquished.

Vanquished Creatures (others)
  14 toadstools (D:3)
14 creatures vanquished.

Grand Total: 160 creatures vanquished

Notes
Turn   | Place    | Note
-------+----------+-------------------------------------------
     0 | D:1      | Gorice the Deep Elf Fire Elementalist began the quest for the Orb.
     0 | D:1      | Reached XP level 1. HP: 10/10 MP: 6/6
   173 | D:1      | Reached skill level 2 in Conjurations
   173 | D:1      | Reached XP level 2. HP: 15/15 MP: 5/8
   588 | D:2      | Reached XP level 3. HP: 15/19 MP: 6/10
   673 | D:2      | Reached skill level 3 in Conjurations
   675 | D:2      | Reached skill level 4 in Spellcasting
   679 | D:2      | HP: 5/19 [gnoll/club (8)]
   698 | D:1      | HP: 2/19 [gnoll/club (4)]
   976 | D:1      | Reached XP level 4. HP: 14/24 MP: 6/12
  1218 | D:2      | HP: 6/24 [hound (5)]
  1680 | D:2      | Noticed Natasha
  1685 | D:2      | Learned a level 2 spell: Throw Flame
  1689 | D:2      | Learned a level 3 spell: Conjure Flame
  1694 | D:2      | Killed Natasha
  1694 | D:2      | Reached skill level 4 in Conjurations
  1694 | D:2      | Reached XP level 5. HP: 28/28 MP: 10/13
  1901 | D:3      | Reached skill level 4 in Fire Magic
  2267 | D:3      | Found a blossoming altar of Fedhas.
  2278 | D:3      | Noticed an oklob plant
  2654 | D:3      | Found a deep blue altar of Sif Muna.
  3048 | D:4      | Found a staircase to the Ecumenical Temple.
  3067 | D:4      | Reached skill level 5 in Spellcasting
  3067 | D:4      | Reached XP level 6. HP: 32/32 MP: 5/15
  3162 | Temple   | Entered the Ecumenical Temple
  3322 | Temple   | Became a worshipper of Vehumet
  3378 | D:4      | Reached skill level 5 in Conjurations
  3378 | D:4      | Reached skill level 5 in Fire Magic
  3544 | D:4      | Reached XP level 7. HP: 30/36 MP: 10/17
  3977 | D:5      | Entered Level 5 of the Dungeon
  4057 | D:5      | Noticed Borgoz's ghost (amateur HOAK)
  4079 | D:5      | HP: 6/36 [orc/flail (7)]
  4084 | D:5      | HP: 6/36 [orc/flail (1)]
  4117 | D:4      | Learned a level 4 spell: Sticky Flame
  4337 | D:5      | Reached skill level 6 in Conjurations
  4337 | D:5      | Reached skill level 6 in Fire Magic
  4408 | D:5      | Reached skill level 6 in Spellcasting
  4518 | D:5      | Reached * piety under Vehumet
  4518 | D:5      | Offered knowledge of Shock by Vehumet.
  4897 | D:5      | Reached XP level 8. HP: 41/41 MP: 14/19
  4947 | D:5      | HP: 9/41 [Borgoz's ghost (7)]
  4948 | D:5      | Killed Borgoz's ghost
  4948 | D:5      | Reached skill level 7 in Conjurations
  4948 | D:5      | Reached skill level 7 in Fire Magic
  5456 | D:5      | Reached skill level 7 in Spellcasting
  5545 | D:5      | Learned a level 5 spell: Fireball
  5550 | D:6      | Found Coaxoip's Weapon Shop.
  5624 | D:6      | Noticed Nr616's ghost (novice GrFi)
  5631 | D:6      | Killed Nr616's ghost
  5631 | D:6      | Reached skill level 8 in Conjurations
  5631 | D:6      | Reached skill level 8 in Fire Magic
  5727 | D:5      | Reached XP level 9. HP: 39/45 MP: 8/22
  6226 | D:6      | Offered knowledge of Sting by Vehumet.
  6226 | D:6      | Reached skill level 8 in Spellcasting
  6450 | D:6      | Noticed Dowan
  6452 | D:6      | Noticed Duvessa
  6459 | D:6      | Killed Dowan
  6459 | D:6      | Reached ** piety under Vehumet
  6459 | D:6      | Reached skill level 9 in Fire Magic
  6461 | D:6      | Killed Duvessa
  6461 | D:6      | Reached skill level 9 in Conjurations
  7136 | D:6      | Noticed Pikel
  7145 | D:6      | Killed Pikel
  7371 | D:7      | Found a runed door.
  7375 | D:7      | Noticed Crazy Yiuf
  7380 | D:7      | Killed Crazy Yiuf
  7457 | D:7      | Found a glowing silver altar of Zin.
  7493 | D:7      | HP: 9/45 [orc priest/divine providence (11)]
  7498 | D:7      | HP: 9/45 [something (1)]
  7499 | D:7      | HP: 2/45 [something (4)]
  7500 | D:7      | Killed from afar by an orc wizard

Vault maps used:
D:1:      dpeg_arrival_connections, nrook_mini_backslash,
          hangedman_decor_slide_cut
D:2:      uniq_natasha
D:3:      lemuel_blue_sif_altar, tgw_fedhas
D:4:      minmay_temple_entry_glass, first_ration, serial_undead,
          serial_undead_c, serial_undead_a, serial_undead_c, serial_undead_f
D:6:      kennysheep_spiral_hall, serial_shops, kennysheep_mini, uniq_pikel,
          uniq_duvessa
D:7:      lemuel_round_altar, slow_altar_1, zin_academy, uniq_crazy_yiuf_cottage
Temple:   regret_index_temple_sphere_string

Skill      XL: |  1  2  3  4  5  6  7  8  9 |
---------------+----------------------------+-----
Conjurations   | 2 3 4 5 6 8 9 |  9.8
Spellcasting   | 4 5 6 7 8 |  8.8
Fire Magic     | 4 5 6 8 9 |  9.8
Dodging        | |  2.4
Stealth        | |  2.4

Action                   |  1- 3 |  4- 6 |  7- 9 || total
-------------------------+-------+-------+-------++-------
Melee: Flail             |       |    28 |    94 ||   122
       Whip              |       |       |     4 ||     4
 Cast: Flame Tongue      |    49 |   111 |   115 ||   275
       Conjure Flame     |       |     5 |    22 ||    27
       Sticky Flame      |       |       |    12 ||    12
       Throw Flame       |       |       |     6 ||     6
  Use: Scroll            |     4 |     7 |     5 ||    16
       Potion            |       |       |     2 ||     2
 Stab: Sleeping          |       |       |     2 ||     2
  Eat: Chunk             |       |     7 |    14 ||    21
Armor: Robe              |     1 |     5 |    29 ||    35
       Skin              |       |       |     3 ||     3
Dodge: Dodged            |    13 |    27 |    93 ||   133

Table legend:
 A = Spawn XP
 B = Non-spawn XP
 C = Spawn XP percentage of total XP
 D = Spawn monster count
 E = Non-spawn monster count
 F = Spawn count percentage of total count
 G = Total turns spent on level
                    A         B        C        D         E        F      G
               +---------+---------+-------+---------+---------+-------+---------
         Total |       0 |    4776 |   0.0 |       0 |     146 |   0.0 |  7500
               +---------+---------+-------+---------+---------+-------+---------
           D:1 |       0 |      66 |   0.0 |       0 |      15 |   0.0 |   977
           D:2 |       0 |     142 |   0.0 |       0 |      23 |   0.0 |   923
           D:3 |       0 |      48 |   0.0 |       0 |      25 |   0.0 |  1046
           D:4 |       0 |     709 |   0.0 |       0 |      32 |   0.0 |  1087
           D:5 |       0 |    1110 |   0.0 |       0 |      23 |   0.0 |  1421
           D:6 |       0 |    2183 |   0.0 |       0 |      20 |   0.0 |  1671
           D:7 |       0 |     518 |   0.0 |       0 |       8 |   0.0 |   198
               +---------+---------+-------+---------+---------+-------+---------

Table legend:
 A = Turns spent in this place as a percentage of turns spent in the entire game.
 B = Non-inter-level travel turns spent in this place as a percentage of non-inter-level travel turns spent in the entire game.
 C = Inter-level travel turns spent in this place as a percentage of turns spent in this place.
 D = Turns resting spent in this place as a percentage of non-inter-level travel turns spent in this place.
 E = Turns spent auto-exploring this place as a percentage of non-inter-level travel turns spent in this place.
 F = Non-inter-level travel turns spent in this place divided by the number of levels of this place that you've seen.
                   A       B       C       D       E      F
               +-------+-------+-------+-------+-------+----------------------
         Total | 100.0 | 100.0 |   4.6 |  27.3 |  42.6 | 894.5
       Dungeon |  97.6 |  98.2 |   4.0 |  27.8 |  41.7 | 1003.9
        Temple |   2.4 |   1.8 |  27.1 |   0.0 |  91.5 | 129.0
               +-------+-------+-------+-------+-------+----------------------

Vault maps used:
D:1:      dpeg_arrival_connections, nrook_mini_backslash,
          hangedman_decor_slide_cut
D:2:      uniq_natasha
D:3:      lemuel_blue_sif_altar, tgw_fedhas
D:4:      minmay_temple_entry_glass, first_ration, serial_undead,
          serial_undead_c, serial_undead_a, serial_undead_c, serial_undead_f
D:6:      kennysheep_spiral_hall, serial_shops, kennysheep_mini, uniq_pikel,
          uniq_duvessa
D:7:      lemuel_round_altar, slow_altar_1, zin_academy, uniq_crazy_yiuf_cottage
Temple:   regret_index_temple_sphere_string
